 Dungeon Crawl Stone Soup version 0.27.0 (webtiles) character file.

Game seed: 14162311990546973115

70 frimble the Ruffian (level 4, 0/42 HPs)
             Began as a Troll Warper on July 31, 2021.
             Succumbed to a goblin's poison
             ... on level 2 of the Dungeon.
             The game lasted 00:01:11 (831 turns).

frimble the Ruffian (Troll Warper)                   Turns: 831, Time: 00:01:11

Health: 0/42       AC:  4    Str: 19    XL:     4   Next: 4%
Magic:  5/5        EV: 10    Int: 10    God:
Gold:   37         SH:  0    Dex:  9    Spells: 4/6 levels left

rFire    . . .     SeeInvis .     - Unarmed
rCold    . . .     Faith    .   (no shield)
rNeg     . . .     Spirit   .   a - +0 robe
rPois    .         Reflect  .   (helmet restricted)
rElec    .         Harm     .   (no cloak)
rCorr    .         Rampage  .   (gloves unavailable)
Will     .....                  (boots unavailable)
Stlth    +.........             (no amulet)
HPRegen  1.14/turn              (no ring)
MPRegen  0.09/turn              (no ring)

@: lethally poisoned (0 -> -1)
A: large, unfitting armour, claws 3, regeneration 1, shaggy fur 1, tough skin 1
a: no special abilities


You were on level 2 of the Dungeon.
You visited 1 branch of the dungeon, and saw 2 of its levels.

You collected 37 gold pieces.

Inventory:

Missiles
 c - 5 boomerangs of dispersal (quivered)
Armour
 a - a +0 robe (worn)
Scrolls
 b - a scroll of blinking
 e - a scroll of enchant weapon


   Skills:
 + Level 2.0 Fighting
 + Level 1.4 Throwing
 + Level 2.2 Dodging
 + Level 2.5 Unarmed Combat
 + Level 1.5 Spellcasting
 + Level 2.5 Translocations


You had 4 spell levels left.
You knew the following spells:

 Your Spells              Type           Power      Damage    Failure   Level
a - Blink                 Tloc           N/A        N/A       17%         2

Your spell library contained the following spells:

 Spells                   Type           Power      Damage    Failure   Level
 Gell's Gravitas          Tloc           2%         N/A       34%         3
 Lesser Beckoning         Tloc           2%         N/A       34%         3
 Teleport Other           Tloc           5%         N/A       34%         3
 Summon Ice Beast         Ice/Summ       0%         N/A       97%         4
 Manifold Assault         Tloc           5%         N/A       97%         5
 Summon Mana Viper        Hex/Summ       0%         N/A       100%        5
 Monstrous Menagerie      Summ           0%         N/A       100%        7


Dungeon Overview and Level Annotations

Branches:
Dungeon (2/15)

Altars:

Annotations:
D:2 Robin


Innate Abilities, Weirdness & Mutations

You are too large for most types of armour.
You have claws for hands.
Your natural rate of healing is unusually fast.
You are covered in fur. (AC +1)
You have tough skin. (AC +1)


Message History

You feel very sick.
The hobgoblin no longer looks unusually strong.
The goblin hits you with a +0 club.
* * * LOW HITPOINT WARNING * * *
The goblin barely misses you.
You aren't carrying any potions.
Unknown command.
As you read the scroll labelled HEXOOBB WEPASA, it crumbles to dust.
You assume a fearsome visage.
Robin looks frightened!
The goblin looks frightened! x2; The hobgoblin looks frightened!
The goblin looks frightened! x2; The ball python looks frightened! x2
It was a scroll of fear.
* * * LOW HITPOINT WARNING * * *
You feel very sick.
The goblin no longer looks unusually strong.
As you read the scroll labelled BAFOCVIERUI, it crumbles to dust.
It is a scroll of enchant weapon.
You aren't carrying any weapons that can be enchanted.
* * * LOW HITPOINT WARNING * * *
You feel very sick.
A jackal comes into view.
You aren't carrying any potions.
You closely miss the jackal.
* * * LOW HITPOINT WARNING * * *
You feel very sick.
Robin gives up.
The jackal barely misses you.
The jackal barks!
You scratch the jackal.
You kill the jackal!
* * * LOW HITPOINT WARNING * * *
You feel sick.
You hear a shout!
You closely miss the hobgoblin.
* * * LOW HITPOINT WARNING * * *
You feel sick.
The hobgoblin hits you but does no damage.
You claw the hobgoblin!
You kill the hobgoblin!
You die...

..# ...# . # ...##
.g.#. ...#
......######...###
#.)@†...#....#####
.#####....g........
........h<..g.......
.##.##...†.........#
.......##.g#......
.........##........
.#######..#.g^.....
##..........
###g.......


You could see a jackal, a hobgoblin (strong, fleeing) and 3 goblins.

Vanquished Creatures
  Terence (D:2)
  2 dart slugs (D:1)
  6 bats (D:1)
  3 endoplasms (D:1)
  3 giant cockroaches (D:1)
  6 goblins
  3 hobgoblins
  A jackal (D:2)
  2 quokkas
  6 ball pythons
  3 kobolds (D:1)
  3 rats
39 creatures vanquished.

Notes
Turn   | Place    | Note
-------+----------+-------------------------------------------
     0 | D:1      | frimble the Troll Warper began the quest for the Orb.
     0 | D:1      | Reached XP level 1. HP: 19/19 MP: 1/1
    49 | D:1      | Reached skill level 1 in Throwing
    94 | D:1      | Reached XP level 2. HP: 26/28 MP: 2/2
   106 | D:1      | Learned a level 2 spell: Blink
   338 | D:1      | Reached XP level 3. HP: 34/35 MP: 4/4
   753 | D:2      | Noticed Terence
   767 | D:2      | Killed Terence
   804 | D:2      | Noticed Robin
   806 | D:2      | Reached XP level 4. HP: 42/42 MP: 5/5
   828 | D:2      | HP: 2/42 [poisoned by a goblin]
   831 | D:2      | Succumbed to a goblin's poison

Illustrated notes

Levels and vault maps discovered:
D:1:      erik_arrival_blinker_ship, layout_loops_ring
D:2:      layout_rooms, uniq_terence, uniq_robin

Skill      XL: |  1  2  3 |
---------------+----------+-----
Throwing       | 1 |  1.4
Dodging        | 2 |  2.2
Fighting       | 2 |  2.0
Unarmed Combat | |  2.5
Spellcasting   | |  1.5
Translocations | |  2.5

Action                   |  1- 3 |  4- 6 || total
-------------------------+-------+-------++-------
Melee: Unarmed           |    89 |    10 ||    99
       Punch             |     1 |       ||     1
  Use: Scroll            |       |     2 ||     2
Armor: Robe              |    39 |     4 ||    43
Dodge: Dodged            |    46 |     5 ||    51
